 Dungeon Crawl Stone Soup version 0.17.1-1-g73c8601 (webtiles) character file.

717 seren the Basher (level 7, -7/57 HPs)
             Began as a Minotaur Berserker on Jan 4, 2016.
             Was a Believer of Trog.
             Mangled by an iguana (8 damage)
             ... on level 5 of the Dungeon on Jan 5, 2016.
             The game lasted 00:19:15 (3063 turns).

seren the Basher (Minotaur Berserker)               Turns: 3063, Time: 00:19:16

Health: -7/57      AC: 11    Str: 23    XL:     7   Next: 42%
Magic:  6/6        EV:  7    Int:  4    God:    Trog [**....]
Gold:   155        SH:  0    Dex: 10    Spells: 0 memorised, 6 levels left

rFire  . . .     SeeInvis .     a - +1 mace
rCold  . . .     Clarity  .     t - +0 plate armour
rNeg   . . .     SustAt   .     (no shield)
rPois  .         Gourm    .     (helmet restricted)
rElec  .         Spirit   .     (no cloak)
rCorr  .         Warding  .     (no gloves)
rMut   .         Stasis   .     (no boots)
MR     .....                    (no amulet)
Stlth  ..........               (no ring)
                                (no ring)

@: exhausted, slowed, very slow, not resistant to hostile enchantments,
extremely unstealthy
A: retaliatory headbutt, horns 2
a: Berserk, Trog's Hand, Burn Spellbooks, Renounce Religion


You were on level 5 of the Dungeon.
You worshipped Trog.
Trog was pleased with you.
You were hungry.

You visited 1 branch of the dungeon, and saw 5 of its levels.

You collected 239 gold pieces.
You spent 84 gold pieces at shops.

Inventory:

Hand Weapons
 a - a +1 mace (weapon)
 d - a +0 whip
 q - a +0 whip
 y - a +3 short sword
Missiles
 k - 11 poisoned needles
 v - a throwing net (quivered)
Armour
 b - a +0 animal skin
 n - a +0 ring mail
 t - a +0 plate armour (worn)
 x - a +2 ring mail of cold resistance
Jewellery
 i - a +2 ring of strength {unknown}
Wands
 o - a wand of frost (47)
Scrolls
 j - a scroll of teleportation
Potions
 e - a potion of heal wounds {unknown}
 g - a potion of haste {unknown}
 l - a potion of experience {unknown}
 p - a potion of curing {unknown}
 r - a potion of cancellation {unknown}
 u - 2 potions of berserk rage {unknown}
Books
 w - a book of Maledictions

   Spells                             Type                      Level
   a - Corona                         Hexes                        1
   b - Ensorcelled Hibernation        Hexes/Ice                    2
   c - Confuse                        Hexes                        3
   d - Tukima's Dance                 Hexes                        3
   e - Dazzling Spray                 Conjuration/Hexes            3
   Trog disapproves of the use of such an item.
Comestibles
 c - 2 bread rations
 h - 2 fruits
 s - 2 meat rations


   Skills:
 - Level 3.6 Fighting
 + Level 10.4 Maces & Flails
 - Level 2.4 Armour
 - Level 2.1 Dodging


You had 6 spell levels left.
You didn't know any spells.

Dungeon Overview and Level Annotations

Branches:
Dungeon (5/15)
 Temple: D:4-7

Altars:
Elyvilon
Ru
Vehumet
The Shining One

Shops:
D:4 *


Innate Abilities, Weirdness & Mutations

You reflexively headbutt those who attack you in melee.
You have a pair of horns on your head.


Message History

You hit the iguana but do no damage. The iguana bites you.
You hit the iguana. Your headbutt misses the iguana.
The iguana is heavily wounded.
The iguana bites you but does no damage.
You barely miss the iguana.
You headbutt the iguana, but do no damage.
The iguana is heavily wounded.
The iguana bites you!
* * * LOW HITPOINT WARNING * * *
The iguana bites you but does no damage.
You hit the iguana. Your headbutt misses the iguana.
The iguana is severely wounded.
The iguana bites you!
* * * LOW HITPOINT WARNING * * *
Drink which item? (? for menu, Esc to quit)
Okay, then.
The iguana bites you.
* * * LOW HITPOINT WARNING * * *
The iguana bites you!
You die...

.#.... #.
.#... ...
#.... ....
...# #...
#...#.....
#.###..#.#..##
#.....$.......
#l.#.#
#.@#.#####
#.........
###.#######
#.<........
#.#.#######
#.#.# #.#.#
....# ##...


You could see an iguana.

Vanquished Creatures
  The ghost of Darkstar the Skirmisher, an amateur DsFi (D:4)
  3 phantoms
  An ogre (D:4)
  A scorpion (D:4)
  Ijyb (D:2)
  An orc priest (D:4)
  A worker ant zombie (D:3)
  3 adders (D:2)
  A giant gecko (D:4)
  4 orcs
  3 ball pythons
  2 giant cockroaches
  6 hobgoblins
  3 jackals (D:2)
  3 kobolds
  A quokka (D:2)
  7 bats (D:2)
  A giant gecko skeleton (D:4)
  3 giant newts
  2 goblins
  5 rats
53 creatures vanquished.

Vanquished Creatures (others)
  A ball python skeleton (D:4)
1 creature vanquished.

Grand Total: 54 creatures vanquished

Notes
Turn   | Place    | Note
--------------------------------------------------------------
     0 | D:1      | seren the Minotaur Berserker began the quest for the Orb.
     0 | D:1      | Reached XP level 1. HP: 19/19 MP: 0/0
   177 | D:1      | Reached skill level 4 in Maces & Flails
   186 | D:1      | Found a glowing golden altar of the Shining One.
   314 | D:1      | Reached XP level 2. HP: 23/26 MP: 1/1
   880 | D:2      | Noticed Ijyb
   893 | D:2      | Killed Ijyb
   893 | D:2      | Reached skill level 5 in Maces & Flails
   893 | D:2      | Reached XP level 3. HP: 29/31 MP: 2/2
   981 | D:2      | Reached ** piety under Trog
   982 | D:2      | Reached XP level 4. HP: 39/39 MP: 3/3
  1163 | D:2      | Reached skill level 6 in Maces & Flails
  1614 | D:4      | Noticed a phantom
  1620 | D:4      | Noticed an ogre
  1631 | D:4      | Killed an ogre
  1631 | D:4      | Reached skill level 7 in Maces & Flails
  1631 | D:4      | Reached XP level 5. HP: 15/45 MP: 4/4
  1726 | D:4      | Killed a phantom
  1726 | D:4      | Reached skill level 8 in Maces & Flails
  1746 | D:4      | Noticed Darkstar's ghost (amateur DsFi)
  1751 | D:4      | Killed Darkstar's ghost
  1751 | D:4      | Reached skill level 9 in Maces & Flails
  1751 | D:4      | Reached XP level 6. HP: 47/51 MP: 5/5
  1762 | D:4      | Found a radiant altar of Vehumet.
  1762 | D:4      | Found Deckio's Assorted Antiques.
  1776 | D:4      | Bought a scroll labeled DUQ ANENOEKH for 28 gold pieces
  1776 | D:4      | Bought a scroll labeled PAKHIJ PUETWO for 28 gold pieces
  1776 | D:4      | Bought a scroll labeled RUIGED FUSSY for 28 gold pieces
  2255 | D:4      | Found a white marble altar of Elyvilon.
  2498 | D:4      | Noticed a phantom
  2513 | D:4      | Killed a phantom
  2513 | D:4      | Reached XP level 7. HP: 46/57 MP: 6/6
  2587 | D:4      | Found a sacrificial altar of Ru.
  2769 | D:4      | Reached skill level 10 in Maces & Flails
  3018 | D:5      | Entered Level 5 of the Dungeon
  3063 | D:5      | HP: 1/57 [iguana (4)]
  3063 | D:5      | Mangled by an iguana

Action                   |  1- 3 |  4- 6 |  7- 9 || total
-------------------------+-------+-------+-------++-------
Melee: Mace              |    59 |    56 |    26 ||   141
Invok: Berserk           |       |     1 |     2 ||     3
       Burn Spellbooks   |       |     1 |       ||     1
  Use: Scroll            |     3 |     5 |     2 ||    10
  Eat: Chunk             |       |     2 |     1 ||     3
       Meat ration       |       |     1 |       ||     1
       Fruit             |       |       |     1 ||     1
